 Dungeon Crawl Stone Soup version 0.29-a0-322-g68df515428 (webtiles) character file.

Game seed: 15691208848309216830

571 wakim the Insei (level 7, -9/46 HPs)
             Began as an Octopode Transmuter on Apr 5, 2022.
             Mangled by an ice beast (11 damage)
             ... on level 5 of the Dungeon.
             The game lasted 00:16:19 (5474 turns).

wakim the Insei (Octopode Transmuter)               Turns: 5474, Time: 00:16:20

Health: -9/46      AC:  1    Str:  9    XL:     7   Next: 34%
Magic:  11/11      EV: 13    Int: 17    God:
Gold:   92         SH:  0    Dex: 13    Spells: 3/11 levels left

rFire   . . .      SeeInvis .     - Unarmed
rCold   . . .      Faith    .   (no shield)
rNeg    + . .      Spirit   .   (helmet currently unavailable)
rPois   .          Reflect  .   (no amulet)
rElec   .          Harm     .   Q - ring of positive energy
rCorr   .          Rampage  .   I - ring of wizardry
Will    .....                   (no ring)
Stlth   +++.......              (no ring)
HPRegen 0.15/turn               (no ring)
MPRegen 0.12/turn               (no ring)
                                (no ring)
                                (no ring)

@: appendages (expiring)
A: tentacle spike 3, almost no armour, amphibious, 8 rings, camouflage 1,
gelatinous body 1, (nimble swimmer 1), tentacles
a: End Transformation


You were on level 5 of the Dungeon.
One of your tentacles had grown a beastly spike.
You visited 1 branch of the dungeon, and saw 5 of its levels.

You collected 92 gold pieces.

Inventory:

Hand Weapons
 a - a +1 dagger of flaming
 P - a +0 dagger
Jewellery
 I - a ring of wizardry (right tentacle)
 Q - a ring of positive energy (left tentacle)
Wands
 y - a wand of paralysis (13)
Scrolls
 R - 2 scrolls of magic mapping {!r}
Potions
 D - 2 potions of brilliance
 F - 3 potions of curing
 H - a potion of haste
 J - a potion of heal wounds
 L - a potion of lignification {!q}
 M - a potion of degeneration {!q}
 U - a potion of magic {unknown}


   Skills:
 + Level 3.0 Fighting
 - Level 2.0 Dodging
 - Level 2.0 Stealth
 * Level 5.2 Unarmed Combat
 + Level 2.9 Spellcasting
 * Level 4.4 Transmutations
 * Level 1.9 Ice Magic


You had 3 spell levels left.
You knew the following spells:

 Your Spells              Type           Power      Damage    Failure   Level
a - Beastly Appendage     Tmut           34%        N/A       1%          1
c - Ice Form              Ice/Tmut       13%        N/A       19%         4
x - Spider Form           Tmut/Pois      10%        N/A       9%          3

Your spell library contained the following spells:

 Spells                   Type           Power      Damage    Failure   Level
 Wereblood                Tmut           17%        N/A       1%          2
 Animate Skeleton         Necr           4%         N/A       8%          1
 Pain                     Necr           8%         1d4       8%          1
 Shock                    Conj/Air       8%         1d3       8%          1
 Call Canine Familiar     Summ           2%         N/A       21%         3
 Portal Projectile        Hex/Tloc       4%         N/A       21%         3
 Vampiric Draining        Necr           2%         2d6       21%         3
 Leda's Liquefaction      Hex/Erth       1%         N/A       54%         4


Dungeon Overview and Level Annotations

Branches:
Dungeon (5/15)             Temple (0/1) D:5

Altars:
Dithmenos
Kikubaaqudgha
Okawaru
Xom
The Shining One

Shops:
D:2 (

Annotations:
D:4 Dowan, Duvessa


Innate Abilities, Weirdness & Mutations

One of your tentacles has grown a beastly spike.
You cannot wear most types of armour.
You are amphibious.
You can wear up to eight rings at the same time.
Your skin changes colour to match your surroundings (Stealth+).
Your rubbery body absorbs attacks. (AC +1, EV +1)
((You are camouflaged when in or above water. (Stealth+)))
You have tentacles for arms and can constrict up to eight enemies at once.


Message History

As you read the scroll labelled BAPRAQ PUITH, it crumbles to dust.
It is a scroll of amnesia.
Really abort (and waste the scroll)?
Okay, then.
As you read the scroll labelled ERAUDYPPEO, it crumbles to dust.
The air around you briefly surges with heat, but it dissipates.
It was a scroll of immolation.
As you read the scroll labelled MOONEA SOMET, it crumbles to dust.
It is a scroll of enchant armour.
You aren't carrying any armour which can be enchanted further.
As you read the scroll labelled NILEPN BAUPP, it crumbles to dust.
It is a scroll of brand weapon.
Your +1 dagger of draining is engulfed in flames!
a - a +1 dagger of flaming
As you read the scroll labelled USUDOL GYOVO, it crumbles to dust.
The scroll dissolves into smoke.
It was a scroll of fog.
You hear the slow hiss of an avalanche of sand nearby.
An ice beast comes into view. 36/46 (-10)
Casting: Beastly Appendage (safe; 1% risk of failure)
Confirm with . or Enter, or press ? or * to list all spells.
One of your tentacles grows a vicious spike. 37/46 (+1)
Your transformation is almost over.
You tentacle-slap the ice beast but do no damage.
You pierce the ice beast, but do no damage.
The ice beast hits you. The ice beast freezes you!
* * * LOW HITPOINT WARNING * * *
20/46 (-17)
The ice beast attacks as you move away! The ice beast hits you.
* * * LOW HITPOINT WARNING * * *
The ice beast freezes you!
* * * LOW HITPOINT WARNING * * *
5/46 (-15)
The ice beast attacks as you move away! The ice beast misses you. 6/46 (+1)
The ice beast attacks as you move away! The ice beast hits you.
* * * LOW HITPOINT WARNING * * *
The ice beast freezes you!
You die...

,,,,***,,**,#.#
,,,**,**,.#.#.#
*,***+***,..#.####
,,,.,,,,,,..#....#
,,,..#,***..####.#
***##..####.# #.#
*.........# #.#
*.........# #.#
*.........####@#
*............Y.#
*########.######
###


You could see an ice beast.

Vanquished Creatures
  A centaur (D:4)
  A phantom (D:4)
  A kobold brigand (D:4)
  A jelly (D:4)
  2 hounds (D:4)
  An iguana (D:4)
  Jessica (D:3)
  An orc wizard (D:4)
  3 gnolls
  2 adders (D:2)
  An ufetubus (D:3)
  2 worms
  2 dart slugs (D:1)
  12 orcs
  7 bats
  10 endoplasms
  8 giant cockroaches
  6 goblins
  6 hobgoblins
  4 jackals (D:1)
  7 kobolds
  2 quokkas (D:1)
  7 ball pythons
  6 frilled lizards
  11 rats
105 creatures vanquished.

Vanquished Creatures (others)
  A plant (D:1)
1 creature vanquished.

Grand Total: 106 creatures vanquished

Notes
Turn   | Place    | Note
-------+----------+-------------------------------------------
     0 | D:1      | wakim the Octopode Transmuter began the quest for the Orb.
     0 | D:1      | Reached XP level 1. HP: 13/13 MP: 3/3
   187 | D:1      | Reached skill level 1 in Stealth
   224 | D:1      | Reached XP level 2. HP: 15/18 MP: 3/5
   735 | D:1      | Reached XP level 3. HP: 22/23 MP: 4/6
   867 | D:1      | Found a faded altar of an unknown god.
   891 | D:1      | !bestwep
   896 | D:1      | Got Plato's Tome of Feathers
   901 | D:1      | Learned a level 3 spell: Spider Form
  1370 | D:2      | Reached XP level 4. HP: 17/29 MP: 3/7
  1686 | D:2      | Found Omusem's Weapon Boutique.
  2132 | D:2      | Found an ancient bone altar of Kikubaaqudgha.
  2285 | D:2      | Reached skill level 4 in Unarmed Combat
  2926 | D:3      | Reached XP level 5. HP: 34/34 MP: 6/8
  3030 | D:3      | Noticed Jessica
  3039 | D:3      | Killed Jessica
  3045 | D:3      | !bestwep
  3233 | D:3      | Found a shimmering altar of Xom.
  3233 | D:3      | Found a shadowy altar of Dithmenos.
  3233 | D:3      | Found an iron altar of Okawaru.
  3588 | D:4      | Noticed a centaur
  3605 | D:4      | Killed a centaur
  3606 | D:4      | Reached XP level 6. HP: 8/41 MP: 1/9
  4037 | D:4      | Learned a level 4 spell: Ice Form
  4088 | D:4      | !bestwep
  4352 | D:4      | Reached skill level 1 in Ice Magic
  4442 | D:4      | Noticed Duvessa
  4509 | D:4      | Reached skill level 5 in Unarmed Combat
  4668 | D:4      | Reached XP level 7. HP: 32/45 MP: 8/11
  4834 | D:4      | Found a glowing golden altar of the Shining One.
  5350 | D:4      | Noticed Dowan
  5404 | D:5      | Entered Level 5 of the Dungeon
  5474 | D:5      | HP: 2/46 [ice beast (4)]
  5474 | D:5      | Mangled by an ice beast

Illustrated notes #........# ##.#.# #.....######.######..[.. ##.###..# #..^.##..###> #. .... ####..#..# #. #)..##... #####...## ## .. ....# ##........#### #.##^.# ##..######..... #..^.####...# ###### #.##J..@...### #....##.## #_...#..# #P...#.## ##^.... .....# ##....# .^...# ##^..## Turn 891 on D:1: !bestwep

r.. ################.#
.....).........#.#
##############.#.# #.#(#
######## #.#.# .......#
#.#.# ####...#
#.#@####### ####...####
#.#........
#.........####.#..#####.
#.................#
#...........##....#####.
...#...#.>..............
####....#...#.##..######
##...#######.#..#
###....# #.†..#


Turn 3045 on D:3: !bestwep #........# #..#####.# #..# #.# #..# #.# #..# #.#
#..#####>####(# #.......#...(.# #.######.######.###### #....)[@.# #.# ##.o.#####
#.# #... ###.# ..... #...# ?...o.. #.### #...... #.# #.#.... ###.### #.#o...
#####.....######## ..............))<. Turn 4088 on D:4: !bestwep

Levels and vault maps discovered:
D:1:      pf_arrival_petrified_forest, layout_rooms,
          shapermc_ecumenical_altar_rom_forum
D:2:      layout_loops_ring, serial_shops, shop_fountains, basic_altar,
          dreamdust_princess_corridor, eino_tiny_chamber,
          dreamdust_princess_bridge
D:3:      layout_loops_ring, gammafunk_temple_overflow_claw,
          grunt_ministairs_14, uniq_jessica
D:4:      layout_loops_ring, nicolae_tso_swordbearing_angel,
          cheibrodos_gnoll_hut, uniq_duvessa
D:5:      layout_basic, minmay_temple_entry_hall, nicolae_ossuary_entry_giza,
          minivault_11, chequers_serial_rivers_room_a

Skill      XL: |  1  2  3  4  5  6  7 |
---------------+----------------------+-----
Stealth        | 1 2 |  2.0
Fighting       | 2 3 |  3.0
Unarmed Combat | 4 5 |  5.2
Transmutations | 3 4 |  4.4
Ice Magic      | 1 |  1.9
Dodging        | |  2.0
Spellcasting   | |  2.9

Action                   |  1- 3 |  4- 6 |  7- 9 || total
-------------------------+-------+-------+-------++-------
Melee: Unarmed           |    75 |   130 |    23 ||   228
       Constrict         |    21 |    24 |     2 ||    47
       Kick              |    20 |    25 |     4 ||    49
       Tentacles         |    12 |    20 |     6 ||    38
       Punch             |     4 |     1 |     2 ||     7
       Dagger            |       |    16 |       ||    16
 Cast: Beastly Appendage |    19 |    32 |     3 ||    54
       Spider Form       |     2 |     7 |       ||     9
  Use: Potion            |       |     3 |       ||     3
       Scroll            |       |       |    12 ||    12
 Stab: Sleeping          |     3 |    12 |       ||    15
       Distracted        |     1 |     1 |       ||     2
Armor: Skin              |     5 |    11 |       ||    16
Dodge: Dodged            |    41 |    95 |    11 ||   147

Table legend: (Time is in decaauts)
 A = Elapsed time spent in this place.
 B = Non-inter-level travel time spent in this place.
 C = Inter-level travel time spent in this place.
 D = Time resting spent in this place.
 E = Time spent auto-exploring this place.
 F = Levels seen in this place.
 G = Mean time per level.
                   A        B        C        D        E       F      G
               +--------+--------+--------+--------+--------+-----+--------+
         Total |   5459 |   5258 |    201 |    667 |   3592 |   5 | 1091.8 |
       Dungeon |   5459 |   5258 |    201 |    667 |   3592 |   5 | 1091.8 |
               +--------+--------+--------+--------+--------+-----+--------+

Top non-repeatable levels by time:
     D:4: 1656 daAuts
     D:1: 1502 daAuts
     D:3: 1333 daAuts
     D:2: 905 daAuts
     D:5: 62 daAuts
